UAA
MARMORA SCRAMBLERS @ SUN PRAIRIE SWALLOWS
08/25/2017
 
TOP OF THE 1ST
Marmora Scramblers batting - Pitching for Sun Prairie Swallows : RHP Ángelo Cabrera
Pitching: RHP Ángelo Cabrera
Batting: LHB Markus Richardson 0-0: Fly out, F9 (Flyball, 9M)
Batting: SHB Carlton Reed 0-0: Fly out, F7 (Flyball, 78S)
Batting: SHB Dave Orchard 0-0: Ball
1-0: Swinging Strike
1-1: Foul Ball, location: 2F
1-2: Strikes out swinging
Top of the 1st over - 0 run(s), 0 hit(s), 0 error(s), 0 left on base; Marmora 0 - Sun Prairie 0
BOTTOM OF THE 1ST
Sun Prairie Swallows batting - Pitching for Marmora Scramblers : RHP Chris Hopkins
Pitching: RHP Chris Hopkins
Batting: RHB David Morales 0-0: Ball
1-0: Ball
2-0: Foul Ball, location: 2F
2-1: Foul Ball, location: 2F
2-2: Ball
3-2: Strikes out looking
Batting: RHB Jeremy Christensen 0-0: Swinging Strike
0-1: Ball
1-1: Ball
2-1: Foul Ball, location: 2F
2-2: Foul Ball, location: 2F
2-2: Fly out, F5 (Line Drive, 56)
Batting: LHB Albert Morán 0-0: Called Strike
0-1: Ground out 3-1 (Groundball, 34)
Bottom of the 1st over - 0 run(s), 0 hit(s), 0 error(s), 0 left on base; Marmora 0 - Sun Prairie 0
TOP OF THE 2ND
Marmora Scramblers batting - Pitching for Sun Prairie Swallows : RHP Ángelo Cabrera
Batting: LHB Randy Daugherty 0-0: Called Strike
0-1: Foul Ball, location: 2F
0-2: Foul Ball, location: 2F
0-2: Ball
1-2: Foul Ball, location: 2F
1-2: Ground out 4-3 (Groundball, 4)
Batting: LHB Steve Riggs 0-0: Ball
1-0: Fly out, F4 (Popup, 4M)
Batting: LHB Tomás Guillén 0-0: Fly out, F9 (Flyball, 89M)
Top of the 2nd over - 0 run(s), 0 hit(s), 0 error(s), 0 left on base; Marmora 0 - Sun Prairie 0
BOTTOM OF THE 2ND
Sun Prairie Swallows batting - Pitching for Marmora Scramblers : RHP Chris Hopkins
Batting: LHB Héctor Cortéz 0-0: Ball
1-0: Foul Ball, location: 2F
1-1: Ball
2-1: Fly out, F9 (Flyball, 89M)
Batting: LHB John Brewer 0-0: Ball
1-0: Ball
2-0: Ground out 1-3 (Groundball, 13S)
Batting: RHB Hubert Dodson 0-0: Called Strike
0-1: Ball
1-1: Ball
2-1: Ball
3-1: Base on Balls
Batting: LHB Kent Roberts 0-0: Ball
1-0: Called Strike
1-1: Ground out 6-3 (Groundball, 6)
Bottom of the 2nd over - 0 run(s), 0 hit(s), 0 error(s), 1 left on base; Marmora 0 - Sun Prairie 0
TOP OF THE 3RD
Marmora Scramblers batting - Pitching for Sun Prairie Swallows : RHP Ángelo Cabrera
Batting: RHB Carl Carlson 0-0: Swinging Strike
0-1: Ball
1-1: Ball
2-1: Ball
3-1: Base on Balls
Batting: RHB Andrew Weeks 0-0: Swinging Strike
0-1: Ball
1-1: Fly out, F2 (Popup, 3SF)
Batting: RHB Arturo Read 0-0: Called Strike
0-1: Ball
1-1: Ball
2-1: Foul Ball, location: 2F
2-2: Foul Ball, location: 2F
2-2: Ball
3-2: Grounds into double play, U6-3 (Groundball, 6)
Top of the 3rd over - 0 run(s), 0 hit(s), 0 error(s), 0 left on base; Marmora 0 - Sun Prairie 0
BOTTOM OF THE 3RD
Sun Prairie Swallows batting - Pitching for Marmora Scramblers : RHP Chris Hopkins
Batting: RHB Jon Erickson 0-0: Called Strike
0-1: Foul Ball, location: 2F
0-2: Ball
1-2: Strikes out swinging
Batting: LHB José Marín 0-0: Ball
1-0: Foul Ball, location: 2F
1-1: SINGLE (Line Drive, 4MD)
Batting: RHB David Morales 0-0: Ball
1-0: Swinging Strike
1-1: Ball
2-1: Foul Ball, location: 2F
2-2: DOUBLE (Line Drive, 8RM)
José Marín to third
Batting: RHB Jeremy Christensen 0-0: Ball
1-0: Called Strike
1-1: Ground out 5-3 (Groundball, 5)
Batting: LHB Albert Morán 0-0: Ball
1-0: Ball
2-0: Ground out 4-3 (Groundball, 4)
Bottom of the 3rd over - 0 run(s), 2 hit(s), 0 error(s), 2 left on base; Marmora 0 - Sun Prairie 0
TOP OF THE 4TH
Marmora Scramblers batting - Pitching for Sun Prairie Swallows : RHP Ángelo Cabrera
Batting: LHB Markus Richardson 0-0: Called Strike
0-1: Swinging Strike
0-2: Reached on Error, E7 (Flyball, 7M)
Batting: SHB Carlton Reed 0-0: Ball
1-0: Ball
2-0: Ball
3-0: Called Strike
3-1: Base on Balls
Markus Richardson to second
Batting: SHB Dave Orchard 0-0: Ball
1-0: Grounds into double play, 6-4-3 (Groundball, 6)
Markus Richardson to third
Batting: LHB Randy Daugherty 0-0: Swinging Strike
0-1: Called Strike
0-2: Ball
1-2: Fly out, F8 (Flyball, 8LS)
Top of the 4th over - 0 run(s), 0 hit(s), 1 error(s), 1 left on base; Marmora 0 - Sun Prairie 0
BOTTOM OF THE 4TH
Sun Prairie Swallows batting - Pitching for Marmora Scramblers : RHP Chris Hopkins
Batting: LHB Héctor Cortéz 0-0: Ball
1-0: Ground out 4-3 (Groundball, 34)
Batting: LHB John Brewer 0-0: Ball
1-0: Foul Ball, location: 2F
1-1: Ball
2-1: SINGLE (Flyball, 4MD)
Pitching: RHP Armando Árias
Batting: RHB Hubert Dodson 0-0: Called Strike
0-1: Ball
1-1: Foul Ball, location: 2F
1-2: Fly out, F8 (Flyball, 8RM)
Batting: LHB Kent Roberts 0-0: Ball
1-0: Ball
2-0: Ball
3-0: Called Strike
3-1: Called Strike
3-2: Ground out U3 (Groundball, 3S)
Bottom of the 4th over - 0 run(s), 1 hit(s), 0 error(s), 1 left on base; Marmora 0 - Sun Prairie 0
TOP OF THE 5TH
Marmora Scramblers batting - Pitching for Sun Prairie Swallows : RHP Ángelo Cabrera
Batting: LHB Steve Riggs 0-0: Ground out 3-1 (Groundball, 3L)
Batting: LHB Tomás Guillén 0-0: Ball
1-0: Ball
2-0: Foul Ball, location: 2F
2-1: Swinging Strike
2-2: Strikes out swinging
Batting: RHB Carl Carlson 0-0: Ball
1-0: Foul Ball, location: 2F
1-1: Called Strike
1-2: Fly out, F3 (Popup, 23)
Top of the 5th over - 0 run(s), 0 hit(s), 0 error(s), 0 left on base; Marmora 0 - Sun Prairie 0
BOTTOM OF THE 5TH
Sun Prairie Swallows batting - Pitching for Marmora Scramblers : RHP Armando Árias
Batting: RHB Jon Erickson 0-0: Called Strike
0-1: Foul Ball, location: 2F
0-2: Ball
1-2: Ball
2-2: Ground out 4-3 (Groundball, 13)
Batting: LHB José Marín 0-0: Called Strike
0-1: Ball
1-1: Called Strike
1-2: Strikes out swinging
Batting: RHB David Morales 0-0: Called Strike
0-1: Ball
1-1: Foul Ball, location: 2F
1-2: Ball
2-2: Foul Ball, location: 2F
2-2: Ball
3-2: Foul Ball, location: 2F
3-2: Base on Balls
Batting: RHB Jeremy Christensen 0-0: Ball
1-0: Called Strike
1-1: Ball
2-1: Fly out, F7 (Flyball, 7LM)
Bottom of the 5th over - 0 run(s), 0 hit(s), 0 error(s), 1 left on base; Marmora 0 - Sun Prairie 0
TOP OF THE 6TH
Marmora Scramblers batting - Pitching for Sun Prairie Swallows : RHP Ángelo Cabrera
Batting: RHB Andrew Weeks 0-0: Called Strike
0-1: Ball
1-1: Ball
2-1: Ball
3-1: Fly out, F9 (Flyball, 89M)
Batting: RHB Arturo Read 0-0: Called Strike
0-1: Ball
1-1: Reached on Error, E6 (Popup, 4MD)
Batting: LHB Markus Richardson 0-0: Called Strike
0-1: Foul Ball, location: 2F
0-2: Ball
1-2: Ball
2-2: Ball
3-2: Base on Balls
Arturo Read to second
Batting: SHB Carlton Reed 0-0: Called Strike
0-1: Foul Ball, location: 2F
0-2: Ball
1-2: Foul Ball, location: 2F
1-2: SINGLE (Line Drive, 34)
Arturo Read to third
Markus Richardson to second
Batting: SHB Dave Orchard 0-0: Ball
Wild Pitch!
Arturo Read scores
Markus Richardson to third
Carlton Reed to second
1-0: Fly out, F7 (Flyball, 7M)
Runner from 3rd tags up, SCORES, throw made
Batting: LHB Randy Daugherty 0-0: Ball
1-0: Called Strike
1-1: Foul Ball, location: 2F
1-2: DOUBLE (Flyball, 7LD)
Carlton Reed scores
Batting: LHB Steve Riggs 0-0: Ball
1-0: Ground out U3 (Groundball, 3)
Top of the 6th over - 3 run(s), 2 hit(s), 1 error(s), 1 left on base; Marmora 3 - Sun Prairie 0
BOTTOM OF THE 6TH
Sun Prairie Swallows batting - Pitching for Marmora Scramblers : RHP Armando Árias
Batting: LHB Albert Morán 0-0: Foul Ball, location: 2F
0-1: Fly out, F8 (Flyball, 8RM)
Batting: LHB Héctor Cortéz 0-0: Ball
1-0: Ball
2-0: Swinging Strike
2-1: Ground out 4-3 (Groundball, 4)
Batting: LHB John Brewer 0-0: SINGLE (Groundball, 34)
Batting: RHB Hubert Dodson 0-0: Called Strike
0-1: Ball
1-1: Ball
2-1: Ground out 5-3 (Groundball, 56S)
Bottom of the 6th over - 0 run(s), 1 hit(s), 0 error(s), 1 left on base; Marmora 3 - Sun Prairie 0
TOP OF THE 7TH
Marmora Scramblers batting - Pitching for Sun Prairie Swallows : RHP Ángelo Cabrera
Batting: LHB Tomás Guillén 0-0: Called Strike
0-1: Foul Ball, location: 2F
0-2: Ball
1-2: Strikes out swinging
Batting: RHB Carl Carlson 0-0: Foul Ball, location: 2F
0-1: Ball
1-1: Ball
2-1: Swinging Strike
2-2: Ball
3-2: Strikes out looking
Batting: RHB Andrew Weeks 0-0: Called Strike
0-1: Ball
1-1: Foul Ball, location: 2F
1-2: Ball
2-2: Strikes out swinging
Top of the 7th over - 0 run(s), 0 hit(s), 0 error(s), 0 left on base; Marmora 3 - Sun Prairie 0
BOTTOM OF THE 7TH
Sun Prairie Swallows batting - Pitching for Marmora Scramblers : RHP Armando Árias
Pitching: LHP Aaron Farr
Batting: LHB Kent Roberts 0-0: Called Strike
0-1: Ball
1-1: Foul Ball, location: 2F
1-2: Strikes out looking
Batting: RHB Jon Erickson 0-0: Called Strike
0-1: Ball
1-1: Ball
2-1: Foul Ball, location: 2F
2-2: Foul Ball, location: 2F
2-2: Ground out 5-3 (Groundball, 5S)
Batting: LHB José Marín 0-0: Ball
1-0: Fly out, F8 (Flyball, 8RS)
Bottom of the 7th over - 0 run(s), 0 hit(s), 0 error(s), 0 left on base; Marmora 3 - Sun Prairie 0
TOP OF THE 8TH
Marmora Scramblers batting - Pitching for Sun Prairie Swallows : RHP Ángelo Cabrera
Batting: RHB Arturo Read 0-0: Ball
1-0: Ground out 4-3 (Groundball, 4M)
Batting: LHB Markus Richardson 0-0: Called Strike
0-1: Foul Ball, location: 2F
0-2: SINGLE (Groundball, 56D)
Pitching: RHP Larry Gordon
Batting: SHB Carlton Reed 0-0: Ball
1-0: Ball
2-0: Ball
3-0: Called Strike
3-1: Fly out, F8 (Flyball, 8LXD)
Batting: SHB Dave Orchard 0-0: Ball
Markus Richardson is caught stealing 2nd base
Top of the 8th over - 0 run(s), 1 hit(s), 0 error(s), 0 left on base; Marmora 3 - Sun Prairie 0
BOTTOM OF THE 8TH
Sun Prairie Swallows batting - Pitching for Marmora Scramblers : LHP Aaron Farr
Batting: RHB David Morales 0-0: Ball
1-0: Ball
2-0: Called Strike
2-1: Foul Ball, location: 2F
2-2: Ball
3-2: Strikes out swinging
Batting: RHB Jeremy Christensen 0-0: Foul Ball, location: 2F
0-1: Ball
1-1: Foul Ball, location: 2F
1-2: Foul Ball, location: 2F
1-2: Ball
2-2: Ball
3-2: Strikes out swinging
Batting: LHB Albert Morán 0-0: Ball
1-0: Ball
2-0: Foul Ball, location: 2F
2-1: Swinging Strike
2-2: Ball
3-2: SINGLE (Line Drive, 89S)
Batting: LHB Héctor Cortéz 0-0: Ball
1-0: Called Strike
1-1: Swinging Strike
1-2: SINGLE (Groundball, 34D)
Albert Morán to second
Runner from 2nd tries for 3rd, SAFE, no throw or cutoff
Pitching: RHP Scott Garrison
Batting: LHB John Brewer 0-0: Called Strike
0-1: 3-RUN HOME RUN (Flyball, 89XD), Distance : 440 ft
Pinch Hitting: RHB Jim Unknown 0-0: Ball
1-0: Ball
2-0: Ball
3-0: Base on Balls
Pitching: LHP Martin García
Pinch Hitting: RHB Ron Williams 0-0: Called Strike
0-1: Called Strike
0-2: Ball
1-2: Ball
2-2: Foul Ball, location: 2F
2-2: Fly out, F9 (Line Drive, 89M)
Bottom of the 8th over - 3 run(s), 3 hit(s), 0 error(s), 1 left on base; Marmora 3 - Sun Prairie 3
TOP OF THE 9TH
Marmora Scramblers batting - Pitching for Sun Prairie Swallows : RHP Larry Gordon
Now at 2B: Ron Williams
Now at 3B: Jim Unknown
Batting: SHB Dave Orchard 0-0: Called Strike
0-1: Foul Ball, location: 2F
0-2: Ball
1-2: Foul Ball, location: 2F
1-2: Foul Ball, location: 2F
1-2: Strikes out swinging
Batting: LHB Randy Daugherty 0-0: Fly out, F9 (Flyball, 89S)
Pinch Hitting: SHB Jim Unknown 0-0: Called Strike
0-1: Foul Ball, location: 2F
0-2: Foul Ball, location: 2F
0-2: Fly out, F5 (Popup, 25F)
Top of the 9th over - 0 run(s), 0 hit(s), 0 error(s), 0 left on base; Marmora 3 - Sun Prairie 3
BOTTOM OF THE 9TH
Sun Prairie Swallows batting - Pitching for Marmora Scramblers : LHP Martin García
Pitching: RHP Michael Maidment
Now in LF: Jim Unknown
Pinch Hitting: SHB Troy Grant 0-0: Called Strike
0-1: Ball
1-1: Ball
2-1: Ball
3-1: Base on Balls
Pinch Hitting: RHB Calvin Fleming 0-0: Sac Bunt - play at first, batter OUT! 1-4
Troy Grant to second
Pinch Hitting: RHB Dave Moulin 0-0: Ball
1-0: Foul Ball, location: 2F
1-1: Ball
2-1: Swinging Strike
2-2: Fly out, F9 (Flyball, 9S)
Batting: RHB Jeremy Christensen 0-0: Ground out 5-3 (Groundball, 5)
Bottom of the 9th over - 0 run(s), 0 hit(s), 0 error(s), 1 left on base; Marmora 3 - Sun Prairie 3
TOP OF THE 10TH
Marmora Scramblers batting - Pitching for Sun Prairie Swallows : RHP Larry Gordon
Now at SS: Troy Grant
Now in LF: Calvin Fleming
Now in RF: Monty Sharp
Pinch Hitting: RHB Josh Stafford 0-0: Called Strike
0-1: Ball
1-1: Ball
2-1: Ground out 1-3 (Groundball, 15S)
Pinch Hitting: RHB Chris Teague 0-0: Called Strike
0-1: Ball
1-1: Foul Ball, location: 2F
1-2: Fly out, F4 (Popup, 34D)
Pinch Hitting: RHB Roberto Ríos 0-0: Ball
1-0: Fly out, F7 (Flyball, 78M)
Top of the 10th over - 0 run(s), 0 hit(s), 0 error(s), 0 left on base; Marmora 3 - Sun Prairie 3
BOTTOM OF THE 10TH
Sun Prairie Swallows batting - Pitching for Marmora Scramblers : RHP Michael Maidment
Now at C: Chris Teague
Now at 2B: José Durán
Now at 3B: Josh Stafford
Batting: LHB Albert Morán 0-0: SINGLE (Groundball, 4M) (infield hit)
Batting: LHB Héctor Cortéz 0-0: Called Strike
0-1: Foul Ball, location: 2F
0-2: Foul Ball, location: 2F
0-2: Ball
1-2: Strikes out looking
Batting: LHB John Brewer 0-0: Fly out, F9 (Flyball, 9S)
Batting: RHB Jim Unknown 0-0: DOUBLE (Flyball, 89M)
Albert Morán to third
Batting: RHB Ron Williams 0-0: Ball
1-0: Foul Ball, location: 2F
1-1: Ball
2-1: SINGLE (Groundball, 6MD)
Albert Morán scores
This league is powered by Out of the Park Baseball, the baseball management simulation game for PC, Mac and Linux
Saturday, February 27th, 2021 - OOTP Baseball 15.6 Build 34